 Dungeon Crawl Stone Soup version 0.18-a0-23-g19353e1 (webtiles) character file.

71432 mrath the Cleaver (level 14, -3/129 HPs)
             Began as a Minotaur Fighter on Nov 2, 2015.
             Was the Champion of Okawaru.
             Slain by a reaper
             ... wielding a +1 scythe of venom
              (29 damage)
             ... on level 1 of the Abyss on Nov 3, 2015.
             The game lasted 04:54:40 (31125 turns).

mrath the Cleaver (Minotaur Fighter)               Turns: 31125, Time: 04:54:40

Health: -3/129     AC: 24    Str: 25    XL:     14   Next: 97%
Magic:  19/19      EV: 15    Int:  5    God:    Okawaru [******]
Gold:   1008       SH: 13    Dex: 11    Spells: 0 memorised, 13 levels left

rFire  + . .     SeeInvis .     N - +5 whip (venom)
rCold  . . .     Clarity  .     a - +2 plate armour {rF+}
rNeg   . . .     SustAt   .     c - +0 shield
rPois  .         Gourm    .     (helmet restricted)
rElec  .         Spirit   .     k - +1 cloak {+Inv}
rCorr  .         Warding  .     G - +0 pair of gloves
rMut   .         Stasis   .     r - +2 pair of boots {run}
MR     ++...                    (no amulet)
Stlth  ..........               O - +4 ring of evasion
                                y - ring of protection from magic

@: about to teleport, quick, very resistant to hostile enchantments, extremely
unstealthy
A: retaliatory headbutt, horns 2
a: Heroism, Finesse, Renounce Religion, Evoke Invisibility


You were on level 1 of the Abyss.
You worshipped Okawaru.
Okawaru was exalted by your worship.
You were not hungry.

You visited 3 branches of the dungeon, and saw 20 of its levels.
You visited the Abyss 1 time.
You also visited: Volcano.

You collected 1640 gold pieces.
You spent 632 gold pieces at shops.

Inventory:

Hand Weapons
 e - a +1 trident of venom
 n - a +0 blowgun
 w - a +2 hunting sling of flaming
 D - a +2 flail of protection
 N - a +5 whip of venom (weapon)
Missiles
 g - 3 curare-tipped needles
 h - 51 sling bullets
 u - 2 poisoned javelins (quivered)
 B - 6 tomahawks
 E - 7 needles of slowing
 X - 14 poisoned needles
Armour
 a - a +2 plate armour of fire resistance (worn)
 c - a +0 shield (worn)
 k - a +1 cloak of invisibility (worn)
 r - a +2 pair of boots of running (worn)
 G - a +0 pair of gloves (worn)
Jewellery
 y - a ring of protection from magic (left hand)
 M - an uncursed ring of protection from fire
 O - a +4 ring of evasion (right hand)
 W - an uncursed ring of see invisible
Wands
 b - a wand of disintegration (9)
 s - a wand of draining (8)
 t - a wand of cold (7)
 z - a wand of cold (4)
 H - a wand of digging (14)
 Y - a wand of fire (7)
Scrolls
 d - 2 scrolls of blinking
 p - a scroll of fog
 q - 6 scrolls of teleportation
 v - 2 scrolls of fear
 C - 11 scrolls of remove curse
 F - a scroll of identify
Potions
 l - 2 potions of curing
 m - 3 potions of lignification
 x - 4 potions of haste
 A - 3 potions of heal wounds
 Q - 3 potions of resistance
 Z - 2 potions of might
Books
 o - a book of the Tempests

   Spells                             Type                      Level
   a - Static Discharge               Conjuration/Air              3
   b - Lightning Bolt                 Conjuration/Air              5
   c - Fireball                       Conjuration/Fire             5
   d - Tornado                        Air                          9
   e - Shatter                        Earth                        9
Miscellaneous
 f - a fan of gales
 i - a phial of floods
Comestibles
 j - 3 meat rations
 I - 10 fruits
 L - a slice of pizza


   Skills:
 + Level 13.4 Fighting
   Level 14.8(15.8) Axes
 + Level 10.3(13.7) Maces & Flails
 + Level 11.5 Armour
 + Level 10.3 Dodging
 + Level 11.7 Shields
 + Level 5.6 Invocations
 + Level 8.3 Evocations


You had 13 spell levels left.
You didn't know any spells.

Dungeon Overview and Level Annotations

Branches:
Dungeon (11/15)            Temple (1/1) D:4            Lair (8/8) D:9
 Shoals (0/4) Lair:5        Snake (0/4) Lair:6        Slime (0/6) Lair:6
    Orc (0/4) D:11

Altars:
Ashenzari
Cheibriados
Dithmenos
Elyvilon
Fedhas
Gozag
Kikubaaqudgha
Makhleb
Nemelex Xobeh
Okawaru
Qazlal
Ru
Sif Muna
Trog
Vehumet
Xom
Yredelemnul
Zin
The Shining One

Shops:
D:8 [   D:9 ?(

Annotations:
D:10 Sonja
Lair:6 exclusion: 3 oklob plants


Innate Abilities, Weirdness & Mutations

You reflexively headbutt those who attack you in melee.
You have a pair of horns on your head.


Message History

* * * LOW HITPOINT WARNING * * *
You are lethally poisoned!
The large abomination hits you but does no damage.
Read which item? (? for menu, Esc to quit)
As you read the scroll of teleportation, it crumbles to dust.
You feel strangely unstable.
You feel the power of the Abyss delaying your translocation!
* * * LOW HITPOINT WARNING * * *
You feel very sick.
The large abomination barely misses you.
Drink which item? (? for menu, Esc to quit)
You feel better. The reaper misses you. You furiously retaliate!
You headbutt the reaper. The large abomination hits you!
* * * LOW HITPOINT WARNING * * *
You hit the reaper but do no damage.
The reaper is heavily wounded.
You hit the reaper.
The reaper is heavily wounded.
The reaper hits you with a scythe of venom!!
You die...

## . . # # #.#
#. #.### ..
###.# ... #.. #
##.#... ..#
.....#.#. ##
..##.#X# # #
.##..@#.
#.###.###2....#.
. ## #. .#.##..#
####


You could see a reaper and a large abomination.

Vanquished Creatures
  Rupert (Lair:3)
  Kirke (Lair:7)
  Maud (Lair:7)
  A dire elephant (Lair:8)
  5 hydras
  Harold (Lair:1)
  A catoblepas (Lair:7)
  A centaur warrior (Volcano)
  A deep troll shaman (Lair:8)
  11 death yaks
  Urug (Lair:1)
  4 fire crabs
  3 hill giants
  A statue (Volcano)
  The ghost of emiel the Firebug, a novice NaFE of Cheibriados (D:9)
  2 griffons
  A centaur zombie (D:9)
  14 elephants
  Joseph (D:10)
  7 black mambas
  14 spiny frogs
  A torpor snail (Lair:7)
  A smoke demon (Abyss:1)
  4 fire drakes
  A yaktaur (Volcano)
  9 komodo dragons
  2 polar bears (Lair:6)
  3 merfolk
  3 trolls (D:10)
  Prince Ribbit (D:5)
  28 blink frogs
  34 yaks
  A ynoxinul (Abyss:1)
  A fire bat (Volcano)
  A wraith (Abyss:1)
  3 hogs
  3 basilisks
  A steam dragon (D:9)
  11 hippogriffs
  A deep elf mage (D:10)
  2 wyverns
  A small abomination (Abyss:1)
  18 wolves
  4 orc warriors
  3 wargs
  15 porcupines
  18 water moccasins
  2 black bears
  An ice beast (D:8)
  A phantom (D:6)
  2 starcursed masses (Abyss:1)
  17 crocodiles
  9 ogres
  9 centaurs
  19 giant frogs
  A gnoll sergeant (D:9)
  A wyvern skeleton (D:8)
  3 scorpions
  2 electric eels (Lair:5)
  3 crimson imps
  A quasit (D:8)
  9 lava snakes (Volcano)
  A jelly (D:8)
  A wasp zombie (D:8)
  2 giant frog zombies
  4 orc priests
  A centaur skeleton (D:10)
  3 giant frog skeletons
  2 hounds
  12 orc wizards
  Terence (D:3)
  6 worker ants
  11 iguanas
  30 sheep
  A worker ant zombie (D:5)
  7 gnolls
  14 adders
  2 shadow imps
  61 river rats
  2 oozes
  2 adder skeletons
  3 worms (D:4)
  10 giant geckos
  30 orcs
  3 ball pythons
  6 giant cockroaches
  15 hobgoblins
  15 jackals
  A ball python skeleton (D:5)
  11 bats
  A giant gecko skeleton (D:6)
  8 giant newts
  7 goblins
  2 jackal zombies
  9 kobolds
  8 quokkas
  5 rats
  2 bushes
  5 fungi
  5 plants
632 creatures vanquished.

Vanquished Creatures (others)
  2 humans
  A sheep (Lair:8)
  3 bushes (Lair:8)
  A fire vortex (Lair:5)
  39 fungi
  8 plants
54 creatures vanquished.

Grand Total: 686 creatures vanquished

Notes
Turn   | Place    | Note
--------------------------------------------------------------
     0 | D:1      | mrath the Minotaur Fighter began the quest for the Orb.
     0 | D:1      | Reached XP level 1. HP: 19/19 MP: 0/0
   212 | D:1      | Reached XP level 2. HP: 27/27 MP: 1/1
   380 | D:1      | Reached skill level 4 in Armour
   594 | D:1      | Reached skill level 1 in Dodging
   752 | D:1      | Reached XP level 3. HP: 33/33 MP: 2/2
  1553 | D:2      | Found a deep blue altar of Sif Muna.
  1678 | D:2      | Reached XP level 4. HP: 38/40 MP: 3/3
  2159 | D:3      | Found a stormy altar of Qazlal.
  2513 | D:3      | Found a blossoming altar of Fedhas.
  2961 | D:3      | Noticed Terence
  2973 | D:3      | Reached XP level 5. HP: 32/47 MP: 4/4
  2983 | D:3      | Killed Terence
  3853 | D:4      | Reached XP level 6. HP: 51/55 MP: 5/5
  3983 | D:4      | Reached skill level 5 in Fighting
  4396 | D:4      | Found a sacrificial altar of Ru.
  4534 | D:4      | Found a staircase to the Ecumenical Temple.
  4543 | Temple   | Entered the Ecumenical Temple
  4657 | D:5      | Entered Level 5 of the Dungeon
  4670 | D:5      | Noticed Prince Ribbit
  4691 | D:5      | Killed Prince Ribbit
  4691 | D:5      | Reached skill level 6 in Axes
  4691 | D:5      | Reached XP level 7. HP: 59/62 MP: 6/6
  4743 | D:5      | Found a shimmering altar of Xom.
  5066 | D:5      | Reached skill level 7 in Axes
  5154 | D:5      | Reached skill level 8 in Axes
  5154 | D:5      | Reached XP level 8. HP: 57/71 MP: 7/7
  5678 | D:6      | Reached skill level 9 in Axes
  6055 | D:6      | Reached skill level 10 in Axes
  6223 | D:6      | Found a basalt altar of Yredelemnul.
  6539 | D:7      | Found a sparkling altar of Nemelex Xobeh.
  6568 | D:7      | Reached XP level 9. HP: 78/82 MP: 8/8
  6747 | D:7      | Reached skill level 5 in Armour
  6747 | D:7      | Reached skill level 5 in Shields
  6787 | D:7      | Reached skill level 1 in Evocations
  6916 | D:7      | Found a bloodstained altar of Trog.
  6920 | D:7      | Found a glowing silver altar of Zin.
  7122 | D:7      | Noticed a hill giant
  7160 | D:7      | Killed a hill giant
  7160 | D:7      | Reached skill level 11 in Axes
  7571 | D:8      | Found Xelecer's Armour Shop.
  8669 | D:7      | Found an ancient bone altar of Kikubaaqudgha.
  8842 | D:8      | Found a shimmering altar of Xom.
  9412 | D:9      | Noticed a centaur zombie
  9413 | D:9      | Reached XP level 10. HP: 91/91 MP: 10/10
  9757 | D:9      | Found Zoin's Antique Weapon Boutique.
  9930 | D:9      | Noticed emiel's ghost (novice NaFE)
 10017 | D:9      | Found a staircase to the Lair.
 10051 | D:9      | Reached skill level 1 in Maces & Flails
 10228 | D:9      | Found an iron altar of Okawaru.
 10241 | D:9      | Became a worshipper of Warmaster Okawaru
 10311 | D:9      | Found Tiang's Magic Scroll Shop.
 10319 | D:9      | Bought a scroll of identify for 22 gold pieces
 10439 | D:9      | Killed emiel's ghost
 10590 | D:8      | Bought a +2 pair of boots of running for 539 gold pieces
 10673 | D:9      | Reached * piety under Okawaru
 10673 | D:9      | Reached skill level 10 in Fighting
 10695 | Lair:1   | Entered Level 1 of the Lair of Beasts
 10729 | Lair:1   | Reached skill level 12 in Axes
 10744 | Lair:1   | Reached skill level 5 in Dodging
 11043 | D:9      | Reached ** piety under Okawaru
 11437 | Lair:1   | Noticed Urug
 11544 | Lair:1   | Killed Urug
 11544 | Lair:1   | Reached XP level 11. HP: 94/100 MP: 13/13
 11659 | Lair:1   | Reached *** piety under Okawaru
 12116 | Lair:1   | Noticed Harold
 12136 | Lair:1   | Killed Harold
 12150 | Lair:1   | Reached **** piety under Okawaru
 12570 | Lair:2   | Reached skill level 13 in Axes
 12971 | Lair:2   | Noticed a six-headed hydra
 12986 | Lair:2   | Killed a six-headed hydra
 12986 | Lair:2   | Reached ***** piety under Okawaru
 13299 | Lair:2   | Reached skill level 5 in Evocations
 13804 | Lair:3   | Received a gift from Okawaru
 13821 | Lair:3   | Identified a +0 pair of boots of running (Okawaru gifted it to you on level 3 of the Lair of Beasts)
 13892 | Lair:3   | Noticed Rupert
 13937 | Lair:3   | Killed Rupert
 13937 | Lair:3   | Reached skill level 5 in Maces & Flails
 13937 | Lair:3   | Reached XP level 12. HP: 56/110 MP: 8/14
 15313 | Lair:3   | Reached skill level 14 in Axes
 15880 | Lair:3   | Noticed a six-headed hydra
 15892 | Lair:3   | Killed a six-headed hydra
 17552 | Lair:4   | Received a gift from Okawaru
 18378 | Lair:5   | Noticed a seven-headed hydra
 18402 | Lair:5   | Killed a seven-headed hydra
 18627 | Lair:5   | Reached XP level 13. HP: 86/117 MP: 16/16
 19122 | Lair:5   | Found a staircase to the Shoals.
 19722 | Lair:6   | Received a gift from Okawaru
 19836 | Lair:6   | Reached skill level 1 in Invocations
 19907 | Lair:6   | Found a staircase to the Snake Pit.
 20117 | Lair:6   | Reached skill level 10 in Shields
 20204 | Lair:6   | Got a fine hand axe
 20957 | Lair:6   | Reached skill level 10 in Armour
 21059 | Lair:6   | Found a staircase to the Slime Pits.
 21595 | Lair:7   | Received a gift from Okawaru
 21696 | Lair:7   | Found a dark tunnel.
 21726 | Volcano  | Entered a volcano
 22052 | Volcano  | Found a burning altar of Makhleb.
 22460 | Lair:7   | Reached ****** piety under Okawaru
 22990 | Lair:7   | Noticed Kirke
 23368 | Lair:7   | Noticed Maud
 23404 | Lair:7   | Killed Maud
 23404 | Lair:7   | Received a gift from Okawaru
 24329 | Lair:7   | Reached XP level 14. HP: 99/127 MP: 18/18
 25355 | Lair:2   | Identified the +5 hand axe of Vanity {chop, Int-3 Dex+5} (You found it on level 6 of the Lair of Beasts)
 25498 | Lair:8   | Entered Level 8 of the Lair of Beasts
 25885 | Lair:7   | Killed Kirke
 25885 | Lair:7   | Received a gift from Okawaru
 26326 | Lair:8   | Got a steaming scale mail
 26352 | Lair:7   | Identified the +3 scale mail of Birigot {+Blink MR+ Dex+2} (You found it on level 8 of the Lair of Beasts)
 28350 | Lair:8   | Reached skill level 5 in Invocations
 28564 | Lair:8   | Reached skill level 10 in Dodging
 28670 | Lair:8   | Received a gift from Okawaru
 28846 | Lair:8   | Reached skill level 10 in Maces & Flails
 29396 | D:10     | Entered Level 10 of the Dungeon
 29575 | D:9      | Bought a scroll of fog for 22 gold pieces
 29575 | D:9      | Bought a scroll of noise for 11 gold pieces
 29575 | D:9      | Bought a scroll of magic mapping for 38 gold pieces
 29794 | D:10     | Noticed Joseph
 29816 | D:10     | Killed Joseph
 30431 | D:10     | Found a shadowy altar of Dithmenos.
 30526 | D:11     | Noticed Sonja
 30666 | D:10     | Cast into the Abyss (Sonja)
 30683 | Abyss:1  | Found a corrupted altar of Lugonu.
 30718 | Abyss:1  | Noticed a cacodemon
 31125 | Abyss:1  | Slain by a reaper

Vault maps used:
D:1:      matt_arrival_refuge
D:2:      marbit_many_paths, first_bread, nrook_mini_backslash
D:3:      grunt_qazlal_clouds, fedhas_altar_3, uniq_terence
D:4:      nicolae_ru_great_annihilating_truth, temple_hall, minivault_25
D:5:      forest_paths, overflow_temple_1_default, portal_sewer_entry_f,
          uniq_prince_ribbit1
D:6:      overflow_temple_1_default
D:7:      nemelex_xobeh_ov_fountains_minmay, nicolae_overflow_hidden_temple,
          wad_mini_maze
D:8:      serial_shops, nicolae_shop_statue_plus, basic_altar
D:9:      okawaru_gym_becter, erik_lair_orcish_takeover, serial_shops,
          kennysheep_little_box, shop_fountains, hangedman_fish_farm
D:10:     grunt_dithmenos_shadows, uniq_joseph
D:11:     erik_orc_4, lab_entry_generic, uniq_erolcha, uniq_sonja
Temple:   circular_temple_pool_8
Lair:1:   beast_lair_carwin_10, uniq_harold, uniq_urug
Lair:2:   minmay_hedge_maze, nicolae_quartered_pool_medium, serial_bayou_pond_b,
          serial_bayou_pond_a
Lair:3:   uniq_rupert
Lair:4:   serial_bayou_shore_b, grunt_megastairs_3, serial_bayou_shore_b
Lair:5:   elwin_shoals_entry_rooms
Lair:6:   minmay_slime_entry_oklob_open, minmay_holes
Lair:7:   nicolae_volcano_entry_two_sided, grunt_forest_small_clearings,
          serial_bayou_pond_d, st_stairs_4, infiniplex_staircase_pool,
          grunt_megastairs_4, uniq_kirke, uniq_maud
Lair:8:   grunt_lair_end_beastmaster, grunt_megastairs_1
Volcano:  volcano_grotto

Action                   |  1- 3 |  4- 6 |  7- 9 | 10-12 | 13-15 || total
-------------------------+-------+-------+-------+-------+-------++-------
Melee: War axe           |    87 |   158 |       |       |       ||   245
       Flail             |       |     5 |   282 |   331 |    21 ||   639
       Whip              |       |       |    33 |   644 |  1589 ||  2266
 Fire: Hunting sling     |       |       |       |    32 |       ||    32
       Blowgun           |       |       |       |       |    73 ||    73
Throw: Stone             |     6 |    18 |    15 |       |       ||    39
       Tomahawk          |       |    10 |    51 |    58 |    22 ||   141
       Javelin           |       |       |       |    94 |    77 ||   171
Invok: Heroism           |       |       |       |     7 |     3 ||    10
       Finesse           |       |       |       |     3 |     3 ||     6
Evoke: Wand              |       |       |       |     1 |     3 ||     4
  Use: Scroll            |       |     4 |     5 |     9 |     7 ||    25
       Potion            |       |     1 |     1 |     1 |     3 ||     6
 Stab: Distracted        |       |       |       |       |     1 ||     1
  Eat: Chunk             |     2 |     4 |    10 |    16 |    16 ||    48
       Beef jerky        |       |     2 |       |     1 |     2 ||     5
       Bread ration      |       |     1 |     1 |     2 |     2 ||     6
       Pizza             |       |       |     1 |     1 |       ||     2
       Fruit             |       |       |       |     4 |    10 ||    14
